Map: [TLMC15] Hardwire

Players

Solar - Winner!

  • Race: Zerg Zerg

Clem

  • Race: Terran Terran

Event: DreamHack SC2 Masters Last Chance 2022

VOD

Have the link to the VOD?

Description

Time

  • Played on: Jan. 13, 2022, 11:15 a.m.
  • Length: 27:45

All games in this series

Show
View Real Time Build Order
Export as new Build Order

Solar Zerg - Winner!

Build Orders: Hatch First, Lurkers 

Get SALT Encoding   

  12  0:00  Drone  
  13  0:12  Overlord  
  13  0:16  Drone  
  14  0:30  Drone x2  
  16  0:46  Hatchery  
  15  0:51  Drone  
  15  0:54  Drone  
  18  0:57  Drone  
  18  1:08  Extractor  
  17  1:12  Spawning Pool  
  17  1:16  Drone  
  17  1:19  Drone  
  18  1:27  Drone  
  19  1:38  Drone  
  20  1:51  Drone  
  21  2:00  Queen x2  
  21  2:01  Zergling x4  
  27  2:18  Overlord  
  27  2:19  Drone  
  27  2:21  Hatchery  
  27  2:23  Drone  
  28  2:33  Metabolic Boost  
  28  2:38  Queen  
  28  2:40  Drone  
  28  2:42  Drone  
  32  2:46  Overlord  
  32  2:50  Drone  
  33  2:52  Drone  
  33  2:53  Drone  
  33  2:58  Drone  
  36  3:06  Zergling x2  
  36  3:08  Drone  
  36  3:09  Drone x3  
  41  3:14  Queen  
  41  3:17  Overlord  
  43  3:22  Zergling x2  
  44  3:33  Queen  
  46  3:35  Drone x3  
  46  3:39  Drone x2  
  50  3:41  Drone  
  50  3:45  Zergling x6  
  50  3:46  Drone  
  50  3:48  Drone  
  54  3:52  Drone x2  
  54  3:55  Overlord  
  56  3:57  Queen  
  58  4:05  Overlord  
  58  4:08  Overlord  
  58  4:13  Queen  
  58  4:14  Drone x2  
  63  4:17  Zergling x2, Spore Crawler  
  63  4:18  Zergling x2  
  63  4:20  Spore Crawler  
  63  4:21  Overlord  
  63  4:23  Overlord  
  62  4:25  Drone  
  62  4:27  Zergling x4  
  62  4:29  Drone  
  66  4:32  Zergling x4  
  66  4:33  Extractor  
  67  4:38  Drone, Evolution Chamber  
  67  4:39  Evolution Chamber  
  67  4:40  Drone  
  67  4:42  Drone x2  
  69  4:46  Drone x2  
  69  4:48  Zergling x4  
  69  4:50  Drone  
  69  4:51  Drone  
  75  4:54  Overlord  
  75  4:58  Drone  
  76  5:04  Drone x4  
  76  5:06  Drone  
  81  5:12  Drone  
  81  5:13  Spore Crawler  
  81  5:15  Drone x2  
  81  5:16  Drone x2  
  81  5:18  Drone x2  
  87  5:21  Zerg Ground Armor Level 1, Zerg Melee Weapons Level 1  
  87  5:23  Drone x2  
  87  5:24  Drone  
  87  5:25  Drone  
  91  5:31  Lair  
  91  5:32  Extractor  
  91  5:33  Drone, Extractor  
  91  5:35  Extractor  
  89  5:37  Baneling Nest, Overlord  
  89  5:41  Drone x3  
  89  5:42  Drone  
  92  5:45  Drone x4  
  92  5:46  Drone x2  
  98  5:51  Overlord  
  98  5:53  Overlord  
  98  5:57  Zergling x6  
  98  6:04  Zergling x2  
  102  6:07  Zergling x2  
  102  6:09  Pneumatized Carapace  
  102  6:10  Zergling x8  
  107  6:15  Hatchery  
  107  6:16  Zergling x14  
  113  6:22  Zergling x2  
  114  6:26  Drone x2  
  114  6:28  Baneling x12  
  114  6:30  Centrifugal Hooks  
  114  6:31  Zergling x2  
  117  6:34  Overlord  
  117  6:37  Drone  
  117  6:42  Drone x2  
  117  6:43  Zergling x4  
  117  6:44  Hydralisk Den, Overlord x2  
  120  6:53  Hatchery  
  118  6:54  Overlord  
  118  6:58  Overseer, Overlord  
  116  7:04  Zergling x12  
  118  7:11  Baneling x3  
  118  7:13  Zergling x18  
  118  7:14  Zergling x4  
  129  7:22  Drone  
  130  7:25  Zerg Ground Armor Level 2  
  130  7:30  Zergling x6  
  124  7:38  Hatchery  
  124  7:39  Drone x3  
  124  7:41  Zergling x10  
  131  7:44  Zergling x2  
  131  7:45  Zergling x6  
  131  7:49  Baneling x2  
  131  7:51  Zergling x4  
  137  7:57  Drone  
  137  8:00  Baneling x5, Overlord  
  137  8:01  Baneling x15  
  137  8:03  Baneling  
  137  8:04  Zergling x4  
  138  8:07  Zergling x2  
  138  8:12  Drone x4  
  143  8:13  Zergling x4  
  143  8:14  Zergling x4  
  143  8:18  Zergling x8  
  151  8:24  Zergling x4  
  146  8:29  Zergling x2  
  146  8:30  Zergling x2  
  144  8:36  Zergling x6  
  144  8:40  Zergling x4  
  144  8:41  Zergling x10  
  148  8:43  Spore Crawler  
  146  8:49  Drone  
  146  8:51  Zergling x8  
  146  8:52  Zergling x10, Baneling  
  146  8:53  Baneling x10  
  156  8:57  Baneling  
  156  8:58  Baneling  
  156  8:59  Baneling x20  
  156  9:03  Zergling x8  
  156  9:06  Zergling x4  
  160  9:14  Zergling x8  
  160  9:15  Hatchery  
  161  9:18  Zergling x8  
  161  9:19  Zergling x10  
  161  9:24  Overlord  
  167  9:30  Zergling x2  
  167  9:31  Zergling x6  
  150  9:32  Baneling x10  
  150  9:33  Baneling x13  
  150  9:39  Zergling x8  
  143  9:46  Zerg Melee Weapons Level 2  
  143  9:48  Zergling x24  
  150  9:53  Zergling x2  
  150  9:58  Zergling x8  
  145  10:05  Zergling x4  
  145  10:06  Zergling x2  
  137  10:10  Infestation Pit  
  137  10:13  Zergling x12  
  137  10:17  Overlord  
  137  10:18  Zergling x6  
  137  10:19  Zergling x6  
  133  10:23  Zerg Missile Weapons Level 1  
  133  10:24  Drone  
  133  10:25  Drone  
  133  10:27  Drone, Hydralisk Den  
  133  10:28  Drone x3  
  138  10:29  Overlord  
  138  10:31  Overseer  
  138  10:32  Overseer  
  138  10:33  Zergling x2  
  135  10:37  Overseer  
  135  10:38  Baneling x4  
  135  10:42  Zergling x16, Extractor  
  142  10:43  Spore Crawler  
  142  10:45  Drone, Burrow  
  142  10:47  Hive  
  142  10:49  Drone x3  
  145  10:52  Drone  
  145  10:53  Zergling x2  
  145  10:54  Extractor  
  146  10:58  Zergling x14  
  146  10:59  Grooved Spines  
  146  11:04  Zergling x8, Lurker Den  
  155  11:07  Drone  
  155  11:08  Drone x2  
  158  11:11  Zergling x2  
  158  11:12  Zergling x12  
  158  11:13  Baneling x6  
  158  11:14  Hydralisk  
  166  11:23  Zergling x2  
  166  11:24  Zergling x16  
  166  11:25  Hatchery  
  170  11:34  Zergling x16  
  170  11:35  Baneling  
  170  11:36  Baneling x5  
  178  11:40  Hydralisk x4  
  178  11:41  Zergling x6  
  185  11:51  Hydralisk  
  185  11:52  Hydralisk x2, Zergling x2  
  185  11:53  Zergling x10  
  193  11:57  Baneling x12  
  189  12:03  Adaptive Talons  
  187  12:09  Zergling x22  
  187  12:11  Spore Crawler  
  197  12:15  Overlord  
  197  12:16  Overlord  
  188  12:23  Viper  
  188  12:25  Overlord  
  173  12:30  Queen  
  173  12:33  Zergling x18  
  173  12:35  Zergling x2  
  171  12:38  Drone x2  
  171  12:39  Drone  
  171  12:42  Drone  
  171  12:43  Drone  
  166  12:44  Drone  
  166  12:48  Zergling x6  
  165  12:58  Muscular Augments  
  165  13:00  Zergling x8, Seismic Spines  
  169  13:13  Hydralisk x2, Zergling x2  
  169  13:14  Lurker x2  
  169  13:15  Lurker x4  
  169  13:17  Zergling x8  
  183  13:23  Zergling x8  
  183  13:24  Baneling  
  183  13:25  Baneling x4  
  187  13:33  Zergling x12  
  185  13:37  Hydralisk  
  185  13:40  Hydralisk x2  
  177  13:47  Zergling x4  
  177  13:48  Zergling x6  
  172  13:53  Hydralisk x2  
  167  13:55  Hydralisk  
  167  13:58  Hydralisk  
  167  14:00  Baneling x5  
  168  14:08  Zergling x16  
  166  14:13  Hydralisk  
  166  14:14  Hydralisk x2  
  166  14:15  Hydralisk  
  162  14:19  Zergling x2  
  162  14:20  Zergling x8  
  162  14:23  Drone x4  
  166  14:27  Drone x3  
  166  14:30  Drone x4  
  173  14:31  Drone  
  173  14:32  Drone  
  173  14:35  Drone x2  
  173  14:36  Drone x2  
  175  14:42  Lurker x6  
  175  14:43  Lurker  
  180  14:48  Zerg Missile Weapons Level 2  
  180  14:53  Zergling x12  
  180  14:54  Zergling x6  
  180  14:58  Hydralisk x2  
  180  14:59  Zergling x2  
  191  15:01  Zergling x4  
  191  15:02  Baneling  
  191  15:03  Baneling  
  193  15:07  Spore Crawler  
  193  15:10  Zergling x6  
  186  15:16  Zergling x6  
  186  15:18  Zergling x14  
  186  15:19  Zergling x2  
  180  15:24  Hydralisk  
  180  15:25  Hydralisk x6  
  182  15:33  Hydralisk x3  
  187  15:36  Zergling x10  
  187  15:38  Adrenal Glands  
  187  15:41  Zergling x4  
  185  15:46  Zergling x16  
  185  15:49  Overseer  
  193  15:51  Nydus Network  
  192  15:59  Zergling x6  
  192  16:00  Zergling x8  
  199  16:06  Baneling x12  
  199  16:13  Hatchery  
  199  16:14  Hatchery, Zergling x4  
  199  16:23  Zergling x2  
  198  16:27  Drone x3  
  199  16:34  Baneling x8  
  199  16:35  Baneling  
  199  16:45  Zergling x2  
  199  16:46  Overseer  
  199  16:48  Zerg Ground Armor Level 3  
  196  16:55  Zergling x8  
  197  17:04  Zerg Melee Weapons Level 3  
  197  17:07  Extractor  
  196  17:08  Viper  
  196  17:11  Zergling x2  
  196  17:13  Nydus Canal  
  200  17:18  Overseer x4  
  200  17:30  Extractor  
  199  17:40  Nydus Canal  
  198  17:46  Drone  
  199  18:01  Zergling x2, Spore Crawler  
  199  18:02  Zergling x2  
  199  18:04  Zergling x12  
  200  18:16  Overseer, Overlord  
  196  18:21  Zergling x6  
  199  18:31  Zergling x2  
  200  18:39  Overseer x3  
  200  18:42  Extractor  
  200  18:44  Drone  
  200  18:47  Baneling x7  
  200  18:48  Overseer  
  200  18:49  Baneling x6  
  200  18:51  Hatchery x2  
  197  18:59  Zergling x4  
  198  19:03  Zergling x4  
  198  19:04  Zergling x4  
  198  19:09  Nydus Canal  
  193  19:27  Zergling x16  
  193  19:28  Zergling x2  
  193  19:29  Zergling x14  
  193  19:31  Overseer, Nydus Canal  
  198  19:40  Zergling x14  
  199  19:47  Nydus Canal  
  198  19:55  Overseer, Zergling x16  
  198  19:56  Zergling x2  
  200  20:01  Zerg Missile Weapons Level 3  
  200  20:12  Zergling x4  
  199  20:14  Overlord  
  199  20:15  Overlord x4  
  199  20:16  Overseer x3  
  199  20:17  Overlord  
  199  20:19  Nydus Canal  
  199  20:25  Spire  
  199  20:27  Spire  
  199  20:28  Extractor x2  
  196  20:30  Spore Crawler x2, Extractor  
  196  20:31  Extractor  
  196  20:32  Overlord  
  196  20:33  Hatchery  
  196  20:34  Zergling x24  
  198  20:49  Zergling x28  
  199  20:50  Zergling x4  
  199  20:54  Zergling x8  
  198  20:58  Zergling x6  
  198  20:59  Zergling x2  
  198  21:01  Zergling x2  
  198  21:02  Overlord x2  
  198  21:03  Overlord  
  194  21:06  Overlord  
  194  21:07  Overlord  
  194  21:08  Overlord  
  194  21:11  Zergling x22  
  181  21:13  Hydralisk x3  
  181  21:14  Zergling x14  
  181  21:15  Zergling x2  
  181  21:17  Zergling x8  
  194  21:18  Zergling x12  
  194  21:22  Zergling x14  
  191  21:27  Zergling x6  
  191  21:28  Zergling x6  
  191  21:29  Nydus Canal  
  191  21:30  Zergling x2  
  191  21:31  Zergling x8  
  191  21:32  Viper  
  195  21:34  Overseer  
  195  21:35  Overseer x5  
  198  21:41  Zerg Flyer Weapons Level 1, Baneling x3, Greater Spire  
  198  21:44  Baneling x6  
  198  21:45  Zergling x8  
  200  21:47  Extractor  
  200  21:51  Zergling x2  
  190  21:55  Baneling x11  
  190  21:56  Baneling x12, Zergling x24  
  190  21:59  Baneling x9  
  199  22:04  Zergling x2  
  200  22:10  Extractor  
  200  22:11  Zergling x2  
  200  22:12  Nydus Canal  
  200  22:19  Zergling x2  
  199  22:25  Pathogen Glands  
  194  22:37  Zergling x12  
  194  22:38  Zergling x2  
  194  22:43  Zergling x8  
  200  22:53  Viper  
  200  22:58  Zerg Flyer Armor Level 1  
  199  23:06  Nydus Canal  
  199  23:09  Zergling x2  
  182  23:22  Zergling x2  
  182  23:23  Zergling x40  
  182  23:26  Zergling x2  
  182  23:27  Zergling x14  
  199  23:28  Nydus Canal  
  199  23:34  Zergling x20  
  193  23:37  Hydralisk x3  
  198  23:41  Zergling x6  
  198  23:42  Zergling x4  
  198  23:44  Zergling x2  
  198  23:48  Zergling x18  
  199  23:51  Zergling x2  
  199  23:52  Zergling x8  
  199  23:53  Zergling x2  
  199  23:54  Zergling x4  
  190  23:59  Zergling x14  
  190  24:02  Zergling x4  
  182  24:04  Overlord  
  182  24:07  Zergling x14  
  182  24:08  Overlord  
  182  24:09  Baneling x7  
  181  24:11  Lurker x5  
  181  24:13  Baneling x4, Zergling x6  
  181  24:17  Overlord  
  187  24:20  Zergling x2  
  187  24:21  Zergling x12  
  193  24:28  Hydralisk x13  
  193  24:30  Zergling x2  
  188  24:32  Nydus Canal  
  188  24:35  Overseer x4  
  188  24:36  Overseer x3  
  188  24:37  Overseer  
  188  24:38  Zergling x6  
  188  24:41  Zergling x2  
  188  24:42  Zergling x12  
  193  24:50  Hydralisk x5  
  184  25:04  Zergling x20  
  184  25:06  Zergling x14  
  187  25:11  Hydralisk x7  
  197  25:14  Zergling x2  
  197  25:16  Overlord x2  
  197  25:22  Nydus Canal  
  197  25:25  Zergling x2  
  197  25:26  Zergling x4  
  197  25:27  Overlord  
  195  25:37  Zergling x12  
  199  25:43  Baneling x23  
  199  25:44  Overseer x2  
  199  25:45  Hatchery  
  198  25:53  Lurker x2  
  198  25:54  Baneling x8  
  179  26:13  Zergling x48  
  179  26:15  Overlord  
  179  26:16  Overlord  
  189  26:20  Overlord  
  187  26:30  Overlord  
  174  26:35  Overseer  
  149  26:40  Infestor x6  
Show
View Real Time Build Order
Export as new Build Order

Clem Terran 

Build Orders: Gas First Reaper Expand, Liberator Opening 

Get SALT Encoding   

  12  0:00  SCV  
  13  0:12  SCV  
  14  0:16  Supply Depot  
  14  0:24  SCV  
  15  0:29  Refinery  
  15  0:38  SCV  
  16  0:44  Barracks  
  16  0:50  SCV  
  17  1:02  SCV  
  18  1:14  SCV  
  19  1:31  Reaper, Orbital Command  
  20  1:41  Command Center  
  20  1:49  Supply Depot  
  20  2:01  Factory  
  20  2:04  SCV  
  20  2:07  Barracks Reactor  
  21  2:16  SCV  
  21  2:17  Refinery  
  22  2:29  SCV  
  23  2:41  SCV  
  24  2:47  Starport  
  24  2:53  Hellion x2, Orbital Command  
  24  2:54  SCV  
  24  2:57  Marine  
  30  3:06  SCV  
  31  3:14  Hellion  
  31  3:15  Hellion  
  31  3:17  Supply Depot  
  31  3:18  SCV  
  36  3:20  SCV  
  37  3:28  Liberator  
  37  3:32  SCV  
  37  3:33  SCV  
  42  3:39  Hellion  
  44  3:41  Hellion  
  44  3:45  SCV x2  
  46  3:53  Barracks Tech Lab  
  45  3:55  Supply Depot  
  45  3:57  SCV x2  
  49  4:03  Hellion x2  
  49  4:09  SCV x2  
  51  4:12  Stimpack  
  51  4:21  Command Center  
  51  4:22  SCV  
  51  4:24  Starport Reactor  
  52  4:25  SCV  
  53  4:33  Supply Depot, Factory Reactor  
  53  4:34  SCV  
  53  4:36  Barracks  
  54  4:39  Barracks  
  54  4:41  SCV  
  54  4:43  Marine  
  56  4:46  SCV  
  56  4:50  Supply Depot  
  57  4:53  SCV  
  57  4:59  SCV  
  58  5:00  Marine  
  58  5:03  Engineering Bay  
  58  5:04  Engineering Bay  
  58  5:05  SCV  
  60  5:11  SCV  
  60  5:12  Starport Reactor  
  61  5:17  SCV, Factory Reactor  
  61  5:18  Marine  
  63  5:21  Refinery  
  63  5:23  Refinery  
  63  5:25  SCV  
  63  5:28  Marine x2  
  65  5:29  SCV  
  65  5:30  Terran Infantry Weapons Level 1, Terran Infantry Armor Level 1  
  65  5:35  Marine x2  
  69  5:36  Marine, Orbital Command  
  69  5:38  SCV  
  69  5:41  Medivac x2  
  69  5:42  SCV  
  76  5:46  Marine x2  
  78  5:50  SCV  
  78  5:52  Combat Shield  
  78  5:53  Marine x2  
  78  5:54  Widow Mine x2  
  78  5:55  Marine  
  87  5:57  SCV  
  87  6:01  Supply Depot, Orbital Command  
  87  6:03  SCV, Marine  
  89  6:10  SCV  
  89  6:11  Barracks  
  90  6:12  Marine, Barracks  
  90  6:13  Marine  
  90  6:15  SCV  
  93  6:23  SCV  
  93  6:24  Armory  
  94  6:25  Supply Depot  
  94  6:27  SCV x2  
  94  6:30  Marine x2  
  94  6:31  Marine x2  
  100  6:35  SCV  
  101  6:47  Supply Depot, Medivac x2  
  101  6:48  Supply Depot, SCV x2  
  101  6:50  SCV  
  107  6:57  Marine  
  107  6:58  Marine  
  109  7:02  SCV  
  109  7:04  Barracks Reactor x2  
  109  7:09  Widow Mine x2, SCV x2, Marine, Supply Depot  
  109  7:14  Supply Depot  
  109  7:15  Supply Depot, Refinery  
  116  7:17  Medivac x2  
  116  7:19  Factory  
  116  7:21  Marine x2  
  116  7:22  SCV x2  
  124  7:25  Marine  
  124  7:28  Supply Depot  
  125  7:30  Terran Infantry Weapons Level 2, Marine  
  125  7:32  Terran Infantry Armor Level 2  
  125  7:33  Marine  
  125  7:37  SCV x2  
  126  7:39  Marine  
  126  7:40  Widow Mine, Marine x2  
  126  7:41  SCV  
  126  7:44  Marine  
  132  7:45  Supply Depot, Marine x3  
  132  7:51  Marine x2  
  134  7:54  Widow Mine  
  134  7:58  Command Center  
  137  8:03  Medivac x2, Refinery  
  141  8:06  Widow Mine, Factory Tech Lab, Marine  
  141  8:08  Marine x2  
  141  8:11  Marine x2  
  148  8:14  Supply Depot, Marine x2  
  142  8:21  Widow Mine  
  142  8:27  Widow Mine  
  142  8:32  Widow Mine  
  138  8:34  Marine  
  138  8:37  Medivac  
  138  8:38  SCV x3  
  138  8:40  Marine  
  138  8:41  Marine  
  129  8:42  Widow Mine, Marine  
  129  8:45  Marine x2  
  134  8:48  Widow Mine  
  134  8:50  SCV  
  134  8:53  Supply Depot  
  134  8:54  Widow Mine, SCV  
  134  8:55  Supply Depot  
  138  8:56  Medivac  
  138  8:59  Marine  
  138  9:01  SCV, Marine  
  143  9:04  Widow Mine  
  143  9:05  Marine  
  143  9:06  Marine  
  143  9:08  Marine x2  
  143  9:09  SCV  
  150  9:11  Marine x2  
  150  9:15  Widow Mine  
  150  9:16  SCV  
  154  9:18  Marine  
  154  9:19  Sensor Tower  
  154  9:20  Marine  
  156  9:29  Widow Mine  
  156  9:31  Factory Tech Lab, Marine x5  
  132  9:33  Marine x2  
  132  9:35  Planetary Fortress  
  132  9:37  Marine  
  138  9:39  Widow Mine  
  138  9:41  Marine  
  137  9:48  Marine  
  137  9:49  Marine x4  
  137  9:50  Widow Mine  
  137  9:51  Marine x2  
  133  9:55  SCV, Marine  
  133  9:59  Marine  
  131  10:02  Widow Mine  
  131  10:04  SCV  
  131  10:06  Marine x2  
  131  10:08  Orbital Command  
  131  10:11  Marine x2  
  131  10:12  Widow Mine, Marine  
  131  10:14  Terran Infantry Weapons Level 3  
  129  10:16  SCV  
  129  10:17  SCV  
  129  10:18  SCV  
  130  10:24  Widow Mine  
  130  10:25  Factory Tech Lab  
  130  10:27  Supply Depot  
  129  10:33  Widow Mine, Supply Depot  
  129  10:35  Supply Depot  
  131  10:39  Marine x2  
  133  10:45  Liberator x2, Marine  
  133  10:46  Widow Mine, Marine  
  133  10:48  Widow Mine  
  133  10:49  Marine  
  145  10:50  Marine  
  145  10:55  SCV x3  
  145  10:56  Marine  
  151  10:59  SCV  
  152  11:07  Sensor Tower  
  152  11:09  Supply Depot  
  152  11:12  Widow Mine  
  152  11:13  Supply Depot  
  152  11:15  SCV, Marine  
  152  11:16  SCV  
  157  11:19  Widow Mine  
  157  11:22  Supply Depot  
  157  11:24  SCV  
  157  11:25  Supply Depot, SCV  
  146  11:28  Widow Mine, SCV x2, Marine  
  146  11:30  Marine x2  
  153  11:36  Liberator  
  153  11:38  Widow Mine  
  158  11:42  Widow Mine  
  158  11:43  Drilling Claws  
  160  11:49  Widow Mine  
  160  11:50  Liberator, Marine  
  161  11:58  Marine  
  161  11:59  Marine  
  161  12:00  Widow Mine  
  161  12:01  Marine  
  161  12:03  Widow Mine, Marine  
  161  12:04  SCV  
  161  12:08  SCV, Marine  
  167  12:11  Widow Mine  
  167  12:13  Marine  
  171  12:18  Liberator, Terran Infantry Armor Level 3  
  171  12:19  Marine x2  
  171  12:21  Widow Mine  
  175  12:24  Widow Mine, Marine x2  
  175  12:29  Command Center  
  166  12:32  Liberator, Widow Mine  
  163  12:43  Marine  
  145  12:44  Marauder, Marine x4  
  145  12:45  Marine  
  145  12:46  Marine x2  
  145  12:51  Widow Mine  
  152  12:53  Siege Tank  
  152  12:55  Widow Mine  
  156  13:01  Marine  
  156  13:02  Marine x4  
  160  13:07  Barracks  
  160  13:08  Marine x3, Barracks  
  160  13:09  Barracks  
  160  13:11  SCV x2  
  165  13:14  SCV x2  
  165  13:17  Marine  
  167  13:20  Widow Mine  
  167  13:25  Medivac  
  171  13:30  Widow Mine  
  171  13:32  Marine x2  
  171  13:34  Widow Mine  
  168  13:35  Marauder, Medivac  
  168  13:37  Marine x2  
  168  13:39  Marine x2  
  173  13:42  Widow Mine  
  169  13:52  Widow Mine  
  169  13:55  Widow Mine  
  171  13:56  Command Center  
  171  13:57  Marauder  
  171  13:59  SCV x3  
  171  14:00  SCV  
  177  14:08  Widow Mine, Barracks Tech Lab  
  177  14:10  Medivac  
  177  14:15  Marine x2  
  177  14:16  Marine  
  177  14:17  Marine  
  164  14:18  Marauder  
  164  14:19  Widow Mine, Marine x3  
  164  14:20  Marine  
  164  14:21  Marine  
  168  14:26  Barracks Tech Lab  
  168  14:28  Ghost Academy  
  165  14:37  SCV  
  162  14:38  SCV x2  
  162  14:40  Marauder, Widow Mine, Missile Turret  
  162  14:45  Widow Mine  
  160  14:48  Marauder  
  160  14:50  SCV  
  160  14:52  Widow Mine  
  165  14:54  Sensor Tower  
  165  14:57  Ghost  
  167  15:00  Ghost  
  167  15:05  Medivac x2  
  167  15:06  Barracks Tech Lab  
  173  15:10  Marauder  
  173  15:11  SCV x2  
  164  15:24  Marine  
  164  15:25  Widow Mine  
  164  15:26  Marauder  
  164  15:28  Ghost  
  147  15:29  Ghost, Marine  
  147  15:30  Ghost, Marine  
  147  15:31  Marine  
  147  15:32  Marine  
  147  15:34  Concussive Shells  
  147  15:35  Medivac x2  
  155  15:37  Orbital Command  
  155  15:40  Planetary Fortress  
  147  15:46  Widow Mine x2  
  147  15:47  Ghost  
  147  15:48  Marine x2  
  147  15:49  Marine x2  
  155  15:54  Marine  
  155  15:55  Marine  
  155  15:56  Ghost  
  157  15:57  Missile Turret  
  157  16:01  Missile Turret  
  157  16:03  Ghost  
  159  16:04  Ghost  
  159  16:05  Refinery  
  163  16:15  Ghost  
  163  16:17  SCV, Command Center  
  164  16:20  SCV, Refinery  
  164  16:21  SCV, Command Center  
  164  16:25  Ghost  
  166  16:27  Marine  
  166  16:28  Widow Mine  
  166  16:32  Ghost  
  170  16:34  Ghost  
  170  16:36  Missile Turret  
  170  16:39  Missile Turret x2  
  174  16:41  Command Center  
  174  16:44  Ghost  
  176  16:53  Widow Mine, Ghost  
  178  16:55  Medivac  
  178  16:59  Marine  
  178  17:00  Marine  
  184  17:01  Marine x2  
  186  17:09  Missile Turret, SCV x2  
  186  17:10  Missile Turret  
  186  17:11  Command Center, Ghost  
  186  17:12  Missile Turret  
  186  17:13  Widow Mine  
  192  17:17  Ghost x2  
  192  17:20  Widow Mine  
  196  17:25  Widow Mine  
  196  17:27  Ghost  
  197  17:48  Ghost  
  199  17:54  Missile Turret  
  199  17:55  Missile Turret  
  199  17:57  Refinery  
  199  18:00  Marine  
  199  18:01  Refinery  
  200  18:06  Planetary Fortress  
  200  18:13  Command Center x2, Orbital Command  
  198  18:25  Planetary Fortress  
  198  18:31  Missile Turret, Widow Mine  
  200  18:38  Hi-Sec Auto Tracking, Neosteel Armor  
  200  18:46  Refinery  
  200  18:50  Missile Turret  
  200  18:51  Missile Turret  
  200  19:00  Command Center  
  200  19:02  Missile Turret  
  200  19:03  Command Center  
  200  19:07  Refinery  
  200  19:15  Missile Turret  
  200  19:18  Missile Turret  
  200  19:33  Terran Vehicle And Ship Armor Level 1  
  199  19:40  Marine  
  199  19:44  Missile Turret  
  198  19:46  Missile Turret  
  198  19:48  Ghost  
  198  19:53  Widow Mine  
  198  19:56  Orbital Command x2  
  198  19:57  Planetary Fortress  
  200  20:06  Armory  
  200  20:08  Fusion Core  
  200  20:09  Starport  
  200  20:10  Starport  
  200  20:19  Orbital Command  
  195  20:35  Widow Mine  
  195  20:37  Ghost  
  195  20:39  Widow Mine  
  195  20:40  Marine x2  
  199  20:47  Widow Mine  
  193  20:51  Marine x2  
  193  20:55  Marauder, Marine  
  196  20:57  Marauder, Widow Mine  
  196  21:00  Widow Mine  
  196  21:01  Command Center  
  187  21:05  Ghost x2  
  187  21:06  Ghost Academy  
  187  21:09  Widow Mine  
  191  21:17  Marauder  
  191  21:18  Widow Mine  
  176  21:19  Medivac  
  176  21:22  Widow Mine  
  176  21:23  Marine  
  163  21:31  Widow Mine  
  163  21:32  Marine x2  
  159  21:33  SCV  
  159  21:39  Widow Mine  
  159  21:40  Ghost  
  159  21:42  Marine x2  
  159  21:43  Widow Mine  
  159  21:45  SCV  
  159  21:46  Missile Turret, Medivac, Refinery  
  168  21:47  Missile Turret x2  
  168  21:48  Sensor Tower  
  168  21:50  Refinery  
  168  21:57  Marine x6  
  168  21:58  Widow Mine  
  168  21:59  Starport Reactor  
  176  22:01  Advanced Ballistics  
  176  22:02  Terran Vehicle And Ship Armor Level 2  
  176  22:05  SCV  
  176  22:06  Widow Mine, Marine  
  176  22:07  SCV  
  181  22:09  Orbital Command  
  181  22:15  SCV  
  182  22:16  Liberator  
  182  22:18  Widow Mine  
  187  22:23  Refinery  
  187  22:24  Refinery  
  187  22:32  SCV  
  187  22:36  Widow Mine  
  188  22:38  Liberator, Widow Mine  
  188  22:42  Liberator  
  192  22:59  Liberator, Cyclone  
  192  23:00  Widow Mine  
  192  23:03  Personal Cloaking  
  200  23:16  Widow Mine  
  197  23:21  Liberator  
  197  23:26  Widow Mine  
  199  23:27  Marauder  
  199  23:32  Widow Mine  
  199  23:33  Marauder  
  187  23:34  Marine  
  187  23:35  SCV  
  187  23:36  SCV  
  187  23:37  Widow Mine, SCV  
  187  23:41  SCV  
  187  23:42  Command Center  
  187  23:45  Marine  
  187  23:48  Widow Mine, Orbital Command  
  189  23:53  Widow Mine  
  176  23:58  Widow Mine  
  176  24:00  SCV  
  173  24:06  SCV  
  174  24:13  SCV  
  170  24:29  Nuke  
  170  24:30  Marine  
  153  24:50  SCV x2  
  153  24:52  SCV  
  156  25:02  Widow Mine  
  156  25:06  Widow Mine  
  149  25:12  Enhanced Shockwaves  
  143  25:16  Marine x2  
  143  25:18  Medivac  
  143  25:20  SCV  
  143  25:21  SCV  
  140  25:28  SCV  
  140  25:33  SCV  
  141  25:35  SCV  
  142  25:44  Orbital Command  
  142  25:45  SCV  
  142  25:48  SCV  
  144  25:50  SCV  
  144  25:53  SCV  
  144  25:55  Widow Mine  
  126  26:16  Widow Mine, Marine  
  126  26:18  Marine  
  116  26:21  SCV  
  114  26:32  SCV  
  103  26:33  Marine  

Tags
 
Add a new tag
Caveats
  • Supply blocks, unpowered buildings, or Contaminate may cause inaccurate times.
  • Supply counts are checked every 10 seconds.